 Dungeon Sprint DCSS version 0.17-a0-18-gc25b939 (webtiles) character file.

2900000 BluebellGnoll the Intangible (level 18, -37/162 HPs)
             Began as a Demonspawn Warper on Mar 12, 2015.
             Was the Champion of Makhleb.
             Annihilated by a destroyer
             ... wielding a +9 great sword of slicing
              (49 damage)
             ... in the Dungeon (Sprint VIII: "Arena of Blood").
             The game lasted 00:02:52 (29 turns).

BluebellGnoll the Intangible (Demonspawn Warper)      Turns: 29, Time: 00:02:53

Health: -37/162    AC:  7    Str: 19    XL:     18   Next: 52%
Magic:  42/42      EV: 34    Int: 14    God:    Makhleb [******]
Gold:   0          SH:  0    Dex: 19    Spells: 1 memorised, 58 levels left

rFire  . . .     SeeInvis .     l - +∞ Axe of Woe
rCold  + . .     Clarity  .     b - +0 leather armour
rNeg   + . .     SustAb   .     (no shield)
rPois  .         Gourm    .     (no helmet)
rElec  .         Spirit   .     (no cloak)
rCorr  +         Warding  .     (no gloves)
rMut   .         NoTele   +     (boots unavailable)
MR     +....                    (no amulet)
Stlth  +.........               (no ring)
                                (no ring)

@: mighty, somewhat resistant to hostile enchantments, very unstealthy
A: hooves 3, yellow scales 3, cold resistance 1, negative energy resistance 1,
powered by pain 2, freezing cloud immunity
a: Minor Destruction, Lesser Servant of Makhleb, Major Destruction, Greater
Servant of Makhleb, Renounce Religion


You were in the Dungeon.
You worshipped Makhleb.
Makhleb was exalted by your worship.
You were not hungry.

You visited 1 branch

Inventory:

Hand weapons
 a - a +0 hand axe
 l - the +∞ Axe of Woe (weapon)
   (You found it in the Dungeon)
Missiles
 e - 5 tomahawks of dispersal (quivered)
Armour
 b - a +0 leather armour (worn)
Scrolls
 d - 2 scrolls of blinking
Potions
 g - a potion of curing
 h - a potion of heal wounds
 i - a potion of haste
 j - 2 potions of magic
 k - a potion of berserk rage
Books
 c - a book of Spatial Translocations

   Spells                             Type                      Level
   a - Apportation                    Translocation                1
   b - Blink                          Translocation                2
   c - Shroud of Golubria             Charms/Translocation         2
   d - Portal Projectile              Translocation                3
   e - Teleport Other                 Translocation                3
   f - Passage of Golubria            Translocation                4
Comestibles
 f - a bread ration


   Skills:
 + Level 19.8 Fighting
 + Level 19.6 Axes
 + Level 3.8 Throwing
 + Level 6.3 Armour
 O Level 27 Dodging
 * Level 21.3 Spellcasting
 O Level 27 Translocations
 O Level 27 Invocations


You had 58 spell levels left.
You knew the following spells:

 Your Spells              Type           Power        Failure   Level  Hunger
a - Apportation           Tloc           ######....   0%          1    None


Dungeon Overview and Level Annotations

Branches:
Dungeon (1/1)

Altars:
Makhleb


Innate Abilities, Weirdness & Mutations

You have hooves in place of feet.
You are completely covered in yellow scales (AC +4, rCorr).
Your flesh is cold resistant.
You resist negative energy.
You sometimes gain power by taking damage.
You are immune to freezing clouds.


Message History

Makhleb accepts your kill.
You feel a little better.
Your Axes skill increases to level 19!
Your Spellcasting skill increases to level 21!
You have mastered Translocations!
You hear a shout! x2
The destroyer blinks!
You hear a shout!
The bag of meat moves out of view.
You hear a shout! x8
The bag of meat is engulfed in roaring flames.
You hear a shout!
The destroyer appears out of thin air!
A destroyer comes into view.
It is wielding a +9 great sword of slicing.
The destroyer is engulfed in roaring flames.
The destroyer hits you with a +9 great sword of slicing!!!!!
Ouch! That really hurt!
* * * LOW HITPOINT WARNING * * *
You focus on the pain.
You feel your power returning.
You die...

..O.......... ....oo
.........
#.....o..#.......#
...#..%. #.......#
..#......###.... ..###.
........Vo.....###.......
.......#.....).._o.......
.....#...).).#.....#.....
#..%§§§@.))#_.<._# .
....#§§§Vo).#.....#
....o..§#§§§).o.._.....
.......§§C§....###o.....
.%...C..oo###...V...###.
........VOC #.......#
.......o...#.... ..#
.#.o.......... ..
.#.#.......


You could see 4 destroyers, 2 large bags of meat, 2 meat berserkers and 11 bags
of meat.

Vanquished Creatures
  3 hill giants (D)
  5 ogres (D)
  13 orcs (D)
  2 vampire knights (D)
23 creatures vanquished.

Notes
Turn   | Place    | Note
--------------------------------------------------------------
     0 | D        | BluebellGnoll, the Demonspawn Warper, began the quest for the Orb.
     0 | D        | Reached XP level 1. HP: 16/16 MP: 3/3
     4 | D        | Became a worshipper of Makhleb the Destroyer
     6 | D        | Noticed a bag of meat
     6 | D        | Noticed a bag of meat
     6 | D        | Noticed a bag of meat
     7 | D        | Noticed a bag of meat
     9 | D        | Killed a bag of meat
     9 | D        | Reached skill level 10 in Fighting
     9 | D        | Reached skill level 10 in Spellcasting
     9 | D        | Reached skill level 17 in Translocations
     9 | D        | Gained mutation: You have large cloven feet. [demonic ancestry]
     9 | D        | Reached XP level 2. HP: 19/36 MP: 3/16
     9 | D        | Gained mutation: Your flesh is cold resistant. [demonic ancestry]
     9 | D        | Reached XP level 3. HP: 22/42 MP: 3/18
     9 | D        | Reached XP level 4. HP: 25/48 MP: 3/21
     9 | D        | Reached XP level 5. HP: 28/54 MP: 3/22
     9 | D        | Gained mutation: You have hoof-like feet. [demonic ancestry]
     9 | D        | Reached XP level 6. HP: 31/61 MP: 3/24
     9 | D        | Reached XP level 7. HP: 34/67 MP: 3/25
     9 | D        | Reached XP level 8. HP: 37/73 MP: 3/27
     9 | D        | Gained mutation: You sometimes gain a little power by taking damage. [demonic ancestry]
     9 | D        | Reached XP level 9. HP: 40/79 MP: 3/28
     9 | D        | Gained mutation: You are partially covered in yellow scales (AC +2). [demonic ancestry]
     9 | D        | Reached XP level 10. HP: 43/86 MP: 3/29
     9 | D        | Reached XP level 11. HP: 46/92 MP: 3/30
    10 | D        | Killed a bag of meat
    10 | D        | Acquired Makhleb's first power
    10 | D        | Reached skill level 10 in Axes
    10 | D        | Reached skill level 10 in Dodging
    10 | D        | Reached skill level 19 in Translocations
    10 | D        | Gained mutation: You have hooves in place of feet. [demonic ancestry]
    10 | D        | Reached XP level 12. HP: 20/102 MP: 3/32
    11 | D        | Noticed a bag of meat
    11 | D        | Killed a bag of meat
    11 | D        | Reached skill level 20 in Translocations
    11 | D        | Reached XP level 13. HP: 74/111 MP: 3/34
    11 | D        | Killed a bag of meat
    11 | D        | Acquired Makhleb's second power
    11 | D        | Reached skill level 22 in Translocations
    12 | D        | Noticed a meat berserker
    12 | D        | Noticed a bag of meat
    12 | D        | Noticed a bag of meat
    12 | D        | Noticed a bag of meat
    13 | D        | Noticed a meat berserker
    13 | D        | Noticed a bag of meat
    13 | D        | Noticed a bag of meat
    14 | D        | Killed a meat berserker
    14 | D        | Gained mutation: You are immune to freezing clouds. [demonic ancestry]
    14 | D        | Reached XP level 14. HP: 118/120 MP: 4/35
    14 | D        | Noticed a bag of meat
    15 | D        | Killed a meat berserker
    15 | D        | Acquired Makhleb's third power
    15 | D        | Killed a bag of meat
    15 | D        | Gained mutation: You are mostly covered in yellow scales (AC +3). [demonic ancestry]
    15 | D        | Reached XP level 15. HP: 122/126 MP: 17/36
    16 | D        | Killed a bag of meat
    16 | D        | Acquired Makhleb's fourth power
    16 | D        | Reached skill level 23 in Dodging
    17 | D        | Noticed a bag of meat
    17 | D        | Killed a bag of meat
    17 | D        | Reached skill level 25 in Dodging
    17 | D        | Killed a bag of meat
    17 | D        | Reached skill level 27 in Dodging
    18 | D        | Killed a bag of meat
    18 | D        | Acquired Makhleb's fifth power
    18 | D        | Gained mutation: You sometimes gain power by taking damage. [demonic ancestry]
    18 | D        | Reached XP level 16. HP: 125/133 MP: 18/37
    18 | D        | Killed a bag of meat
    18 | D        | Killed a bag of meat
    19 | D        | Noticed a large bag of meat
    20 | D        | Noticed a large bag of meat
    21 | D        | Noticed a bag of meat
    21 | D        | Noticed a meat berserker
    22 | D        | Noticed a meat berserker
    22 | D        | Noticed a bag of meat
    24 | D        | Noticed a large bag of meat
    24 | D        | Killed a meat berserker
    24 | D        | Reached skill level 15 in Spellcasting
    25 | D        | Noticed a meat berserker
    25 | D        | Killed a large bag of meat
    25 | D        | Reached skill level 15 in Fighting
    25 | D        | Gained mutation: You are completely covered in yellow scales (AC +4, rCorr). [demonic ancestry]
    25 | D        | Reached XP level 17. HP: 139/142 MP: 21/39
    25 | D        | Killed a bag of meat
    25 | D        | Reached skill level 27 in Invocations
    26 | D        | Noticed a bag of meat
    26 | D        | Noticed a destroyer
    26 | D        | Noticed a bag of meat
    26 | D        | Noticed a large bag of meat
    26 | D        | Killed a large bag of meat
    26 | D        | Reached skill level 15 in Axes
    26 | D        | Reached skill level 5 in Armour
    26 | D        | Killed a bag of meat
    27 | D        | Noticed a bag of meat
    27 | D        | Noticed a meat berserker
    27 | D        | Noticed a destroyer
    27 | D        | Noticed a bag of meat
    27 | D        | Noticed a large bag of meat
    27 | D        | Killed a meat berserker
    27 | D        | Killed a large bag of meat
    27 | D        | Gained mutation: You resist negative energy. [demonic ancestry]
    27 | D        | Reached XP level 18. HP: 155/157 MP: 40/41
    28 | D        | Noticed a bag of meat
    28 | D        | Noticed a bag of meat
    28 | D        | Noticed a destroyer
    28 | D        | Noticed a destroyer
    28 | D        | Noticed a bag of meat
    29 | D        | Noticed a bag of meat
    29 | D        | Noticed a bag of meat
    29 | D        | Noticed a bag of meat
    29 | D        | Noticed a destroyer
    29 | D        | Killed a meat berserker
    29 | D        | Killed a destroyer
    29 | D        | Killed a destroyer
    29 | D        | Reached skill level 27 in Translocations
    29 | D        | Annihilated by a destroyer

Action                   |  1- 3 |  4- 6 |  7- 9 | 10-12 | 13-15 | 16-18 || total
-------------------------+-------+-------+-------+-------+-------+-------++-------
Melee: Executioner's axe |     1 |       |       |     2 |     5 |     5 ||    13
